 Dungeon Crawl Stone Soup version 0.19.1-1-g22dce08 (webtiles) character file.

546 Kiturien the Skirmisher (level 7, -8/49 HPs)
             Began as an Octopode Fighter on Jan 18, 2017.
             Was an Initiate of Dithmenos.
             Mangled by a hippogriff (12 damage)
             ... on level 5 of the Dungeon.
             The game lasted 00:15:57 (4790 turns).

Kiturien the Skirmisher (Octopode Fighter)          Turns: 4790, Time: 00:15:57

Health: -8/49      AC:  1    Str: 15    XL:     7   Next: 28%
Magic:  7/7        EV: 13    Int: 11    God:    Dithmenos [......]
Gold:   94         SH: 10    Dex: 17    Spells: 2 memorised, 2 levels left

rFire  . . .     SeeInvis .     s - +0 short sword (venom)
rCold  . . .     Gourm    .     b - +1 shield
rNeg   . . .     Faith    .     (helmet restricted)
rPois  .         Spirit   .     (no amulet)
rElec  .         Reflect  .     g - ring of protection from magic
rCorr  .         Harm     .     (no ring)
MR     +....                    (no ring)
Stlth  ++++......               (no ring)
                                (no ring)
                                (no ring)
                                (no ring)
                                (no ring)

@: no status effects
A: almost no armour, stealthy swim, amphibious, 8 rings, constrict 8, camouflage
1, agile 2, high mp 1, gelatinous body 1
a: Renounce Religion


You were on level 5 of the Dungeon.
You worshipped Dithmenos.
Dithmenos was noncommittal.
You were not hungry.

You visited 2 branches of the dungeon, and saw 6 of its levels.

You collected 94 gold pieces.

Inventory:

Hand Weapons
 a - a +0 rapier
 e - a +3 falchion of freezing
 s - a +0 short sword of venom (weapon)
Armour
 b - a +1 shield (worn)
Jewellery
 g - a ring of protection from magic (left tentacle)
Wands
 i - a wand of iceblast (9/15)
 r - a wand of flame (30/48)
Scrolls
 f - 2 scrolls of teleportation
 j - a scroll of remove curse
 n - a scroll of enchant armour
 q - 2 scrolls of identify
Potions
 c - a potion of might
 d - 2 potions of ambrosia
 h - a potion of haste
 k - a potion of brilliance
 t - a potion of heal wounds {unknown}
Books
 o - a book of Misfortune

   Spells                             Type                      Level
   a - Confusing Touch                Hexes                        1
   b - Confuse                        Hexes                        3
   c - Gell's Gravitas                Hexes/Translocation          3
   d - Petrify                        Transmutation/Earth          4
   e - Metabolic Englaciation         Hexes/Ice                    5
   f - Yara's Violent Unravelling     Hexes/Transmutation          5
Comestibles
 l - a meat ration
 m - 2 beef jerkies
 p - 4 fruits


   Skills:
 * Level 4.8 Fighting
 + Level 4.6 Short Blades
 + Level 4.2 Dodging
 + Level 3.7 Stealth
 + Level 4.0 Shields


You had 2 spell levels left.
You knew the following spells:

 Your Spells              Type           Power        Failure   Level  Hunger
a - Confusing Touch       Hex            #.....       97%         1    ##.....
b - Confuse               Hex            #.......     100%        3    ####...


Dungeon Overview and Level Annotations

Branches:
Dungeon (5/15)             Temple (1/1) D:4

Altars:
Ashenzari
Cheibriados
Dithmenos
Gozag
Hepliaklqana
Kikubaaqudgha
Makhleb
Nemelex Xobeh
Okawaru
Qazlal
Ru
Sif Muna
Trog
Uskayaw
Xom
Yredelemnul
Zin
The Shining One


Innate Abilities, Weirdness & Mutations

You cannot wear most types of armour.
You are very stealthy in the water. (Stealth+)
You are amphibious.
You can wear up to eight rings at the same time.
You can use your tentacles to constrict eight enemies at once.
Your skin changes colour to match your surroundings (Stealth+).
Your rubbery body absorbs attacks. (AC +1, EV +1)
You are very agile. (Dex +4)
You have an increased reservoir of magic. (+10% MP)


Message History

The hippogriff is moderately wounded.
The hippogriff barely misses you. The hippogriff pecks you.
You block the hippogriff's attack.
You hit the hippogriff but do no damage.
The hippogriff looks as sick as possible!
The hippogriff is moderately wounded.
The hippogriff bites you. The hippogriff misses you. The hippogriff claws you!
* * * LOW HITPOINT WARNING * * *
You can't go up here!
The hippogriff barely misses you. You block the hippogriff's attack.
The hippogriff claws you.
* * * LOW HITPOINT WARNING * * *
You climb downwards.
There is a stone staircase leading up here.
You closely miss the hippogriff.
The hippogriff is heavily wounded.
You completely miss the hippogriff.
The hippogriff is heavily wounded.
The hippogriff bites you!
You die...

#.###########
#............
#..<........#
#.......##.##
###########.#
#.#....>##.#
######## #.#
#.#..).###.#
.......# #.#
#.##.#.# #.#
######.## #.#
#.##.#.# #.# #
#...########.##
#.##.#.###.# #
#.#...........#
#)##...)##.# #
#...########@.#
#.....#....# # #####
#.H# #####...#### #
#..# ##.## ##
########..########.#
.#####
#..................#
.....#
#.#######.########.#
.###.# #.#
#............#
...#.## #.#
#.#.#.######.#
.#>...###.# #.#.#.#
#.#


You could see a hippogriff.

Vanquished Creatures
  Eustachio (D:5)
  A crimson imp (D:5)
  A bullfrog zombie (D:5)
  3 hounds (D:5)
  2 worker ants
  A killer bee zombie (D:3)
  A hound zombie (D:5)
  A worker ant zombie (D:2)
  3 adders
  A shadow imp (D:5)
  3 oozes
  An adder skeleton (D:5)
  2 worms
  3 dart slugs (D:2)
  2 leopard geckos
  6 orcs (D:3)
  9 bats
  3 giant cockroaches
  9 goblins
  10 hobgoblins
  12 kobolds
  3 quokkas
  2 ball pythons (D:2)
  5 frilled lizards
  A quokka zombie (D:5)
  12 rats
98 creatures vanquished.

Notes
Turn   | Place    | Note
-------+----------+-------------------------------------------
     0 | D:1      | Kiturien the Octopode Fighter began the quest for the Orb.
     0 | D:1      | Reached XP level 1. HP: 16/16 MP: 1/1
    12 | D:1      | Reached XP level 2. HP: 6/21 MP: 2/2
   767 | D:1      | Reached XP level 3. HP: 26/26 MP: 3/3
  1504 | D:2      | Reached XP level 4. HP: 22/31 MP: 4/4
  1590 | D:2      | Found a sparkling altar of Nemelex Xobeh.
  2009 | D:2      | Found a deep blue altar of Sif Muna.
  2009 | D:2      | Found a shimmering altar of Xom.
  2010 | D:2      | Found a shattered altar of Ashenzari.
  2052 | D:2      | Reached skill level 1 in Stealth
  2495 | D:3      | Reached XP level 5. HP: 35/37 MP: 5/5
  2878 | D:4      | Found a staircase to the Ecumenical Temple.
  2983 | Temple   | Entered the Ecumenical Temple
  3092 | Temple   | Became a worshipper of Dithmenos the Shadowed
  3509 | D:4      | Noticed an ogre
  3518 | D:5      | Entered Level 5 of the Dungeon
  3752 | D:5      | Reached XP level 6. HP: 36/43 MP: 6/6
  3768 | D:5      | Noticed Eustachio
  3782 | D:5      | Gained mutation: You are agile. (Dex +2) [potion of mutation]
  3782 | D:5      | Gained mutation: You have an increased reservoir of magic. (+10% MP) [potion of mutation]
  3782 | D:5      | Gained mutation: You are very agile. (Dex +4) [potion of mutation]
  4107 | D:5      | Killed Eustachio
  4363 | D:5      | Learned a level 1 spell: Confusing Touch
  4367 | D:5      | Learned a level 3 spell: Confuse
  4427 | D:5      | Reached XP level 7. HP: 46/49 MP: 7/7
  4460 | D:5      | Found an iron altar of Okawaru.
  4781 | D:4      | Noticed a hippogriff
  4790 | D:5      | Mangled by a hippogriff

Skill      XL: |  1  2  3  4  5  6  7 |
---------------+----------------------+-----
Short Blades   | 3 4 |  4.6
Stealth        | 1 2 3 |  3.7
Fighting       | 4 |  4.8
Dodging        | 4 |  4.2
Shields        | 4 |  4.0

Action                   |  1- 3 |  4- 6 |  7- 9 || total
-------------------------+-------+-------+-------++-------
Melee: Rapier            |    66 |   135 |     6 ||   207
       Tentacles         |    15 |    24 |     7 ||    46
       Constrict         |    13 |    31 |     4 ||    48
       Short sword       |       |       |    14 ||    14
  Use: Scroll            |       |     9 |       ||     9
       Potion            |       |     2 |       ||     2
 Stab: Sleeping          |     4 |    11 |     4 ||    19
  Eat: Bread ration      |     1 |     1 |       ||     2
       Meat ration       |       |     1 |       ||     1
Armor: Skin              |     6 |     7 |     2 ||    15
Dodge: Dodged            |    38 |    83 |    10 ||   131
Block: Shield            |    27 |    70 |     8 ||   105
